 Dungeon Crawl Stone Soup version 0.24.0-123-gd5b16e6ec5 (webtiles) character file.

Game seed: 18061601953581766883, levelgen mode: deterministic

99 AuftragZ the Poker (level 4, -2/34 HPs)
             Began as a Merfolk Skald on Feb 3, 2020.
             Slain by a gnoll
             ... wielding a +0 flail
              (6 damage)
             ... on level 2 of the Dungeon.
             The game lasted 00:09:51 (3109 turns).

AuftragZ the Poker (Merfolk Skald)                  Turns: 3109, Time: 00:09:52

Health: -2/34      AC: 10    Str: 12    XL:     4   Next: 72%
Magic:  2/7        EV: 11    Int: 12    God:
Gold:   183        SH:  0    Dex: 11    Spells: 2/7 levels left

rFire    . . .     SeeInvis .   a - +0 spear
rCold    . . .     Gourm    .   (no shield)
rNeg     . . .     Faith    .   g - +0 ring mail
rPois    .         Spirit   .   k - +2 helmet
rElec    .         Reflect  .   (no cloak)
rCorr    .         Harm     .   f - +0 pair of gloves
MR       .....                  h - +0 pair of boots
Stlth    +.........             (no amulet)
HPRegen  0.11/turn              c - +4 ring of dexterity
MPRegen  0.10/turn              i - -6 ring of dexterity (curse)

@: singing, very slightly contaminated
A: change form in water, swift swim, stealthy swim
a: no special abilities


You were on level 2 of the Dungeon.
You were hungry.

You visited 1 branch of the dungeon, and saw 3 of its levels.

You collected 183 gold pieces.

Inventory:

Hand Weapons
 a - a +0 spear (weapon)
Armour
 f - a +0 pair of gloves (worn)
 g - a +0 ring mail (worn)
 h - a +0 pair of boots (worn)
 k - a +2 helmet (worn)
Jewellery
 c - a +4 ring of dexterity (left hand)
 i - a cursed -6 ring of dexterity (right hand)
Wands
 j - a wand of polymorph (4)
Scrolls
 b - a scroll of fear {unknown}
 d - 2 scrolls of teleportation
 e - 3 scrolls of identify
 l - a scroll of remove curse
Potions
 m - a potion of curing


   Skills:
 + Level 2.4 Fighting
 + Level 4.2 Polearms
 + Level 0.9 Armour
 + Level 3.5 Dodging
 + Level 0.3 Stealth
 + Level 1.4 Unarmed Combat
 + Level 2.2 Spellcasting
 + Level 4.0 Charms


You had 2 spell levels left.
You knew the following spells:

 Your Spells              Type           Power        Failure   Level  Hunger
a - Infusion              Chrm           ##..         12%         1    ##.....
b - Song of Slaying       Chrm           ##......     17%         2    ###....
c - Shroud of Golubria    Chrm/Tloc      #.....       36%         2    ###....

Your spell library contained the following spells:

 Spells                   Type           Power        Failure   Level  Hunger
 Regeneration             Chrm/Necr      #.........   61%         3    ####...
 Spectral Weapon          Hex/Chrm       #.......     61%         3    ####...


Dungeon Overview and Level Annotations

Branches:
Dungeon (3/15)

Altars:
Vehumet
The Shining One


Message History

The gnoll is moderately wounded.
The bat hits you but does no damage. The bat barely misses you.
The gnoll hits you from afar with a +0 spear.
The gnoll hits you with a +0 halberd.
You hit the gnoll.
The gnoll is severely wounded.
The bat hits you but does no damage. The gnoll closely misses you.
The gnoll hits you from afar with a +0 spear!
* * * LOW HITPOINT WARNING * * *
You hit the gnoll.
The gnoll is almost dead.
The bat barely misses you. The gnoll barely misses you. The gnoll misses you.
The gnoll closely misses you.
You hit the gnoll.
You kill the gnoll!
The bat hits you but does no damage. The bat misses you.
The gnoll hits you from afar with a +0 spear.
* * * LOW HITPOINT WARNING * * *
The gnoll hits you with a +0 flail.
You die...

###### #....# ..
#....# ... #....# ....
#....# ###..
#######....# ....
#..........# ..# .
#..........###gg#....
#....>.......@)g.....
#.........#.##b.##...
#.........#.#..l...
............'......###
#...........#.#......
#....##'#'###.#.##.###
#.... #.... ..... ..
#.... ###.###.#.##.##
# #.#.# .#


You could see 2 gnolls, a hobgoblin, a bat and a frilled lizard.

Vanquished Creatures
  Robin (D:2)
  2 adders (D:2)
  A gnoll (D:2)
  A worm (D:2)
  2 dart slugs (D:1)
  2 leopard geckos
  A ball python (D:2)
  9 goblins
  11 hobgoblins
  6 bats
  7 frilled lizards
  4 kobolds
  4 rats
51 creatures vanquished.

Notes
Turn   | Place    | Note
-------+----------+-------------------------------------------
     0 | D:1      | AuftragZ the Merfolk Skald began the quest for the Orb.
     0 | D:1      | Reached XP level 1. HP: 16/16 MP: 3/3
   180 | D:1      | Reached XP level 2. HP: 20/22 MP: 5/5
   276 | D:1      | Learned a level 2 spell: Song of Slaying
   279 | D:1      | Learned a level 2 spell: Shroud of Golubria
  1255 | D:1      | Reached XP level 3. HP: 27/27 MP: 6/6
  2488 | D:2      | Noticed Robin
  2498 | D:2      | Reached XP level 4. HP: 32/34 MP: 2/7
  2504 | D:2      | Killed Robin
  2504 | D:2      | Reached skill level 1 in Unarmed Combat
  2902 | D:2      | Found a glowing golden altar of the Shining One.
  2939 | D:2      | You fall into a shaft and drop 1 floor!
  2953 | D:3      | Found a radiant altar of Vehumet.
  3109 | D:2      | Slain by a gnoll

Levels and vault maps discovered:
D:1:      co_arrival_random_square_maze, layout_basic
D:2:      layout_basic, old_standard_altar, lemuel_crystal_altar,
          minmay_pentomino_r2, uniq_natasha, uniq_crazy_yiuf_cottage, uniq_robin
D:3:      layout_loops_ring, fiery_altar_vehumet, kennysheep_okawaru_gauntlet

Skill      XL: |  1  2  3  4 |
---------------+-------------+-----
Dodging        | 3 |  3.5
Charms         | 4 |  4.0
Polearms       | 4 |  4.2
Unarmed Combat | 1 |  1.4
Fighting       | |  2.4
Armour         | |  0.9
Stealth        | |  0.3
Spellcasting   | |  2.2

Action                   |  1- 3 |  4- 6 || total
-------------------------+-------+-------++-------
Melee: Spear             |   139 |    35 ||   174
       Unarmed           |     5 |     9 ||    14
 Cast: Song of Slaying   |     1 |     1 ||     2
       Shroud of Golubri |     1 |       ||     1
  Use: Scroll            |     3 |       ||     3
       Potion            |     4 |       ||     4
 Stab: Sleeping          |     1 |       ||     1
  Eat: Chunk             |     1 |     2 ||     3
       Ration            |     1 |       ||     1
Armor: Robe              |    10 |       ||    10
       Ring mail         |    45 |    19 ||    64
       Skin              |     2 |     5 ||     7
Dodge: Dodged            |   120 |    58 ||   178
